 Dungeon Crawl Stone Soup version 0.22.1-1-ga44c0e5 (webtiles) character file.

130 Anon1729 the Twirler (level 5, -1/44 HPs)
             Began as a Ghoul Gladiator on Oct 25, 2018.
             Was a Priest of Jiyva.
             Slain by an adder (2 damage)
             ... on level 4 of the Dungeon.
             The game lasted 00:03:50 (2190 turns).

Anon1729 the Twirler (Ghoul Gladiator)              Turns: 2190, Time: 00:03:51

Health: -1/44      AC:  4    Str: 18    XL:     5   Next: 14%
Magic:  4/4        EV: 13    Int:  6    God:    Jiyva [***...]
Gold:   38         SH:  0    Dex: 11    Spells: 4/4 levels left

rFire    . . .     SeeInvis .   a - +0 quarterstaff
rCold    + . .     Gourm    .   (shield currently unavailable)
rNeg     + + +     Faith    .   b - +0 leather armour
rPois    ∞         Spirit   .   c - +0 helmet
rElec    .         Reflect  .   (no cloak)
rCorr    +         Harm     .   (no gloves)
MR       .....                  (no boots)
Stlth    +.........             (no amulet)
HPRegen  0.00/turn              h - +3 ring of intelligence
MPRegen  0.09/turn              (no ring)

@: rotting
A: rotting body, claws 1, carnivore, cold resistance 1, negative energy
resistance 3, inhibited regeneration, torment resistance, unbreathing
a: Request Jelly, Renounce Religion


You were on level 4 of the Dungeon.
You worshipped Jiyva.
Jiyva was most pleased with you.
You were not hungry.

You visited 1 branch of the dungeon, and saw 4 of its levels.

You collected 38 gold pieces.

Inventory:

Hand Weapons
 a - a +0 quarterstaff (weapon)
Missiles
 d - 3 throwing nets (quivered)
 j - 2 javelins
Armour
 b - a +0 leather armour (worn)
 c - a +0 helmet (worn)
Jewellery
 h - a +3 ring of intelligence (left claw)
Scrolls
 g - a scroll of magic mapping {unknown}
 i - a scroll of fog {unknown}
 k - a scroll of amnesia {unknown}
 m - 2 scrolls of remove curse {unknown}
Potions
 e - a potion of curing {unknown}
 l - a potion of flight {unknown}
 n - a potion of heal wounds {unknown}
Comestibles
 f - 6 rations


   Skills:
 + Level 2.9 Fighting
 + Level 3.7 Staves
 + Level 1.8 Throwing
 + Level 1.7 Armour
 + Level 3.4 Dodging
 + Level 0.2 Stealth


You had 4 spell levels left.
You didn't know any spells.
Your spell library was empty.

Dungeon Overview and Level Annotations

Branches:
Dungeon (4/15)
 Temple: D:4-7

Altars:
Elyvilon
Trog
Yredelemnul
Jiyva


Innate Abilities, Weirdness & Mutations

Your body is rotting away.
You thrive on raw meat.
You are immune to poison.
You have sharp fingernails.
You are carnivorous and can eat meat at any time.
Your flesh is cold resistant. (rC+)
You are immune to negative energy. (rN+++)
You do not regenerate when monsters are visible.
You are immune to unholy pain and torment.
You can survive without breathing.


Message History

You miss the adder. The adder closely misses you.
The adder bites you but does no damage.
You sock the adder!
The adder is severely wounded.
The adder bites you but does no damage.
You closely miss the adder.
The adder is severely wounded.
The adder bites you.
* * * LOW HITPOINT WARNING * * *
The adder bites you but does no damage.
You barely miss the adder.
The adder is severely wounded.
The adder closely misses you.
You barely miss the adder.
The adder is severely wounded.
The adder closely misses you. The adder barely misses you.
You barely miss the adder.
The adder is severely wounded.
The adder bites you.
You die...

#.......######......#
#..........#...J....#
####...................#
....###.###..#.........#
........###..#.#.......#
.....#......J.....#..###
..............>.###..#
.............S.......##
...........##.@..##...#
.....##....##.##.....##
##### #.......##.....#
#..#..###########
.......# ........#
.......##


You could see an adder and 2 neutral jellies (fellow slime).

Vanquished Creatures
  A worker ant (D:4)
  3 adders
  A leopard gecko (D:3)
  7 bats
  A goblin (D:1)
  2 hobgoblins
  A jackal (D:3)
  5 kobolds
  A frilled lizard (D:4)
  3 rats
25 creatures vanquished.

Vanquished Creatures (others)
  A phantom (D:4)
  A worker ant (D:4)
  2 adders
  2 worms
  A dart slug (D:3)
  2 leopard geckos
  An orc (D:3)
  2 giant cockroaches (D:3)
  A goblin (D:2)
  3 hobgoblins
  6 jackals
  A kobold (D:2)
  2 quokkas (D:3)
  2 bats
  A frilled lizard (D:4)
  4 rats
32 creatures vanquished.

Grand Total: 57 creatures vanquished

Notes
Turn   | Place    | Note
-------+----------+-------------------------------------------
     0 | D:1      | Anon1729 the Ghoul Gladiator began the quest for the Orb.
     0 | D:1      | Reached XP level 1. HP: 17/17 MP: 0/0
   151 | D:1      | Reached XP level 2. HP: 25/25 MP: 1/1
   253 | D:1      | You fall through a shaft!
   253 | D:2      | Found a faded altar of an unknown god.
   263 | D:2      | Became a worshipper of Jiyva Jomuhege the Shapeless
   263 | D:2      | Reached * piety under Jiyva
   342 | D:2      | Reached ** piety under Jiyva
   543 | D:2      | Found a basalt altar of Yredelemnul.
   564 | D:2      | Found a bloodstained altar of Trog.
   569 | D:2      | Reached XP level 3. HP: 24/30 MP: 2/2
  1111 | D:3      | Reached *** piety under Jiyva
  1217 | D:3      | Reached skill level 1 in Armour
  1237 | D:3      | Found a white marble altar of Elyvilon.
  1513 | D:4      | Reached XP level 4. HP: 22/37 MP: 3/3
  1543 | D:4      | Noticed a phantom
  2183 | D:4      | Killed a phantom
  2183 | D:4      | Reached XP level 5. HP: 5/44 MP: 4/4
  2187 | D:4      | HP: 1/44 [adder (4)]
  2190 | D:4      | Slain by an adder

Skill      XL: |  1  2  3 |
---------------+----------+-----
Staves         | 3 |  3.7
Dodging        | 3 |  3.4
Armour         | 1 |  1.7
Fighting       | |  2.9
Throwing       | |  1.8
Stealth        | |  0.2

Action                   |  1- 3 |  4- 6 || total
-------------------------+-------+-------++-------
Melee: Quarterstaff      |    65 |    39 ||   104
Invok: Request Jelly     |       |     2 ||     2
  Eat: Chunk             |     4 |       ||     4
Armor: Leather armour    |    34 |    12 ||    46
Dodge: Dodged            |    75 |    25 ||   100
